 Dungeon Crawl Stone Soup version 0.18.1-2-ga659475 (webtiles) character file.

386 dvd the Insei (level 6, -9/44 HPs)
             Began as a Merfolk Transmuter on May 8, 2016.
             Was a Follower of Cheibriados.
             Mangled by an orc warrior
             ... wielding a +0 hand axe
              (20 damage)
             ... on level 3 of the Dungeon.
             The game lasted 00:10:36 (3210 turns).

dvd the Insei (Merfolk Transmuter)                  Turns: 3210, Time: 00:10:37

Health: -9/44      AC:  3    Str: 11 (13) XL:     6   Next: 78%
Magic:  10/10      EV: 14    Int: 19 (21) God:    Cheibriados [*.....]
Gold:   281        SH:  0    Dex: 13 (16) Spells: 3 memorised, 3 levels left

rFire  . . .     SeeInvis .       - Unarmed
rCold  . . .     Gourm    .     b - +0 robe
rNeg   . . .     Faith    .     (no shield)
rPois  .         Spirit   .     (no helmet)
rElec  .         Dismiss  .     (no cloak)
rCorr  .         Reflect  .     (no gloves)
SustAt .         Harm     .     k - +0 pair of boots
MR     .....                    o - amulet of magic regeneration
Stlth  ++........               (no ring)
                                g - +5 ring of intelligence

@: very slow, not resistant to hostile enchantments, unstealthy
A: change form in water, swift swim
a: Bend Time, Renounce Religion


You were on level 3 of the Dungeon.
You worshipped Cheibriados.
Cheibriados was aware of your devotion.
You were not hungry.

You visited 1 branch of the dungeon, and saw 5 of its levels.

You collected 281 gold pieces.

Inventory:

Hand Weapons
 p - a +0 dagger of venom
 q - a +2 spear of pain
Missiles
 a - 80 arrows
Armour
 b - a +0 robe (worn)
 k - a +0 pair of boots (worn)
Jewellery
 g - a +5 ring of intelligence (left hand)
 o - an amulet of magic regeneration (around neck)
Scrolls
 e - 2 scrolls of remove curse {unknown}
 i - a scroll of noise {unknown}
 l - 5 scrolls of magic mapping {unknown}
 r - 4 scrolls of identify {unknown}
 t - a scroll of amnesia {unknown}
 u - a scroll of fog {unknown}
 w - a scroll of fear {unknown}
Potions
 f - 3 potions of lignification {unknown}
 h - 2 potions of haste {unknown}
 j - a potion of cure mutation {unknown}
 m - 3 potions of degeneration
 s - a potion of flight {unknown}
Books
 c - a book of Changes

   Spells                             Type                      Level
   a - Beastly Appendage              Transmutation                1
   b - Sticks to Snakes               Transmutation                2
   c - Spider Form                    Transmutation/Poison         3
   d - Ice Form                       Ice/Transmutation            4
   e - Blade Hands                    Transmutation                5
Comestibles
 d - 3 bread rations
 v - 3 chunks of flesh


   Skills:
 + Level 2.1 Fighting
 + Level 4.5 Dodging
 + Level 2.2 Stealth
 + Level 4.8 Unarmed Combat
 + Level 3.1 Spellcasting
 + Level 4.7 Transmutations
 + Level 1.0 Poison Magic


You had 3 spell levels left.
You knew the following spells:

 Your Spells              Type           Power        Failure   Level  Hunger
a - Beastly Appendage     Trmt           ###...       2%          1    None
b - Spider Form           Trmt/Pois      ##........   14%         3    ###....
c - Ice Form              Ice/Trmt       ##......     63%         4    ####...


Dungeon Overview and Level Annotations

Branches:
Dungeon (5/15)
 Temple: D:4-7

Altars:
Cheibriados
Elyvilon
Nemelex Xobeh
Sif Muna
Trog
Xom
Zin

Shops:
D:4 *

Annotations:
D:3 CcS's ghost, amateur MiBe


Message History

The orc priest mumbles some strange prayers to Beogh against you.
You barely resist. The worm barely misses you.
The orc priest invokes the aid of Beogh against you.
Beogh smites you! The orc warrior barely misses you.
There is a stone staircase leading up here.
The orc warrior hits you with a hand axe!!
* * * LOW HITPOINT WARNING * * *
You climb upwards.
Level annotation: CcS's ghost, amateur MiBe
There is a stone staircase leading down here.
Unknown command.
Read which item? (? for menu, Esc to quit)
Okay, then.
Unknown command.
Drink which item? (? for menu, Esc to quit)
It was a potion of degeneration.
There was something very wrong with that liquid.
You feel weakened.
You feel dopey.
You feel clumsy.
The orc warrior hits you with a hand axe!!
You die...

#.. #.#
#.# #.#
#.# #.#
#.# #@#
......ow#
......###
###.## #


You could see an orc warrior and a worm.

Vanquished Creatures
  An ice beast (D:4)
  A big kobold (D:4)
  A hound (D:4)
  2 orc wizards
  Ijyb (D:3)
  A gnoll (D:4)
  4 adders
  A worm (D:1)
  A dart slug (D:1)
  3 giant geckos
  6 orcs
  4 giant cockroaches
  7 goblins
  5 hobgoblins
  4 jackals (D:2)
  2 quokkas
  2 ball pythons
  8 bats
  A giant newt (D:1)
  4 kobolds
  10 rats
69 creatures vanquished.

Notes
Turn   | Place    | Note
--------------------------------------------------------------
     0 | D:1      | dvd the Merfolk Transmuter began the quest for the Orb.
     0 | D:1      | Reached XP level 1. HP: 15/15 MP: 3/3
   121 | D:1      | Reached XP level 2. HP: 5/21 MP: 3/5
   887 | D:1      | Reached XP level 3. HP: 24/26 MP: 3/6
  1135 | D:1      | Learned a level 3 spell: Spider Form
  1892 | D:2      | Reached XP level 4. HP: 29/32 MP: 3/7
  2262 | D:2      | Found a snail-covered altar of Cheibriados.
  2266 | D:2      | Became a worshipper of Cheibriados the Contemplative
  2272 | D:2      | Found a deep blue altar of Sif Muna.
  2276 | D:2      | Found a bloodstained altar of Trog.
  2471 | D:3      | Noticed Ijyb
  2488 | D:3      | Killed Ijyb
  2488 | D:3      | Reached XP level 5. HP: 30/38 MP: 4/8
  2514 | D:3      | Found a white marble altar of Elyvilon.
  2555 | D:3      | Found a sparkling altar of Nemelex Xobeh.
  2555 | D:3      | Noticed an angel
  2556 | D:3      | Found a shimmering altar of Xom.
  2558 | D:3      | Found a glowing silver altar of Zin.
  2648 | D:3      | Noticed CcS's ghost (amateur MiBe)
  2673 | D:4      | Reached skill level 1 in Stealth
  2675 | D:4      | Noticed a big kobold
  2685 | D:4      | Killed a big kobold
  2685 | D:4      | Reached skill level 1 in Poison Magic
  2718 | D:4      | Noticed an ice beast
  2740 | D:4      | Killed an ice beast
  2740 | D:4      | Reached XP level 6. HP: 44/44 MP: 8/10
  2754 | D:4      | Noticed an orc warrior
  2765 | D:5      | Entered Level 5 of the Dungeon
  2768 | D:5      | Reached * piety under Cheibriados
  3132 | D:4      | Learned a level 4 spell: Ice Form
  3155 | D:4      | Found Kovvell's General Store.
  3210 | D:3      | Mangled by an orc warrior

Skill      XL: |  1  2  3  4  5  6 |
---------------+-------------------+-----
Transmutations | 3 4 |  4.7
Dodging        | 3 4 |  4.5
Unarmed Combat | 4 |  4.8
Stealth        | 1 2 |  2.2
Fighting       | 2 |  2.1
Poison Magic   | 1 |  1.0
Spellcasting   | 3 |  3.1

Action                   |  1- 3 |  4- 6 || total
-------------------------+-------+-------++-------
Melee: Unarmed           |   122 |    92 ||   214
       Headbutt          |    13 |     3 ||    16
       Punch             |     1 |       ||     1
 Cast: Beastly Appendage |    18 |     5 ||    23
       Spider Form       |     4 |    10 ||    14
  Use: Potion            |       |     1 ||     1
 Stab: Sleeping          |     1 |     4 ||     5
  Eat: Bread ration      |     1 |       ||     1
       Chunk             |       |     5 ||     5
Armor: Robe              |     9 |     4 ||    13
       Skin              |     2 |       ||     2
Dodge: Dodged            |    85 |    76 ||   161
